 Dungeon Crawl Stone Soup version 0.17.0-9-g801d43b (webtiles) character file.

37 HungrySpirit the Ruffian (level 3, 0/28 HPs)
             Began as a Draconian Transmuter on Nov 9, 2015.
             Killed from afar by Robin (8 damage)
             ... with a wand of frost
             ... on level 2 of the Dungeon.
             The game lasted 00:02:06 (1163 turns).

HungrySpirit the Ruffian (Draconian Transmuter)     Turns: 1163, Time: 00:02:06

Health: 0/28       AC:  5    Str: 13    XL:     3   Next: 23%
Magic:  5/6        EV: 11    Int: 13    God:
Gold:   88         SH:  5    Dex: 11    Spells: 2 memorised, 3 levels left

rFire  . . .     SeeInvis .       - Unarmed
rCold  . . .     Clarity  +     (armour unavailable)
rNeg   . . .     SustAt   .     n - +2 buckler
rPois  .         Gourm    .     (helmet restricted)
rElec  .         Spirit   .     (no cloak)
rCorr  .         Warding  .     (no gloves)
rMut   .         Stasis   .     (no boots)
MR     .....                    o - amulet of clarity
Stlth  +.........               (no ring)
                                (no ring)

@: not resistant to hostile enchantments, very unstealthy
A: unfitting armour, cold-blooded, AC +5
a: no special abilities


You were on level 2 of the Dungeon.
You were very hungry.

You visited 1 branch of the dungeon, and saw 2 of its levels.

You collected 88 gold pieces.

Inventory:

Missiles
 a - 11 arrows
Armour
 n - a +2 buckler (worn)
Jewellery
 o - an amulet of clarity (around neck)
Wands
 k - a wand of fireball (10)
Scrolls
 e - a scroll of fear {unknown}
 f - 2 scrolls of identify {unknown}
 h - a scroll of enchant armour {unknown}
 i - a scroll of enchant weapon {unknown}
 m - a scroll of remove curse {unknown}
Potions
 d - a potion of heal wounds {unknown}
 g - a potion of agility {unknown}
 j - 2 potions of lignification {unknown}
 p - a potion of cancellation {unknown}
Books
 b - a book of Changes

   Spells                             Type                      Level
   a - Beastly Appendage              Transmutation                1
   b - Sticks to Snakes               Transmutation                2
   c - Spider Form                    Transmutation/Poison         3
   d - Ice Form                       Ice/Transmutation            4
   e - Blade Hands                    Transmutation                5
Comestibles
 c - a bread ration
 l - 2 meat rations


   Skills:
 - Level 1.1 Fighting
 - Level 1.7 Dodging
 * Level 3.7 Unarmed Combat
 + Level 2.1 Spellcasting
 * Level 2.8 Transmutations


You had 3 spell levels left.
You knew the following spells:

 Your Spells              Type           Power        Failure   Level  Hunger
a - Beastly Appendage     Trmt           #.....       17%         1    ##.....
b - Sticks to Snakes      Trmt           #.........   24%         2    ###....


Dungeon Overview and Level Annotations

Branches:
Dungeon (2/15)

Altars:
Trog

Annotations:
D:2 Robin


Innate Abilities, Weirdness & Mutations

Your plain brown scales are hard (AC +5).
Your body does not fit into most forms of armour.
You are cold-blooded and may be slowed by cold attacks.


Message History

* * * LOW HITPOINT WARNING * * *
Your adder barely misses Robin.
Press: ? - help, v - describe, . - travel, g - get item
Here: Robin, wielding a whip of electrocution, wearing an animal skin, wearing a helmet and carrying a wand of frost {zapped: 1} A hunting sling.
There is something else lying underneath.
The floor, spattered with blood.
Your adder bites Robin.
Your adder barely misses the goblin.
Robin throws the goblin at you! The goblin hits you but does no damage.
Robin throws the goblin at you!
Something closely misses Robin.
The goblin hits you but does no damage.
You hit the goblin.
You kill the goblin!
Something barely misses Robin.
Something barely misses your adder.
You see here a dagger.
Robin flexes a bicep menacingly.
Your adder bites Robin.
Robin zaps a wand.
The puff of frost hits you!
You die...

...+
.....gg(..[...........(...
####
..g..g####)g.##.########..
..# .$g.. #........# ##.
#.# ...g #g#####..# ## #.#
... #S# #....# # #.# #+#
#g# #.#.## # #.# #[# #)#
#.#.# # #.######.#
#.###.#.# #### #.#......##
#.@.....# #...
#.#.###...## #####.###
#.## #.#.##.....# #.# #.##
#.#.###...#########.# #.##
#.#.####.###........# #.##
#.....##.###.######## #.##
###..........# #.#
############ #.## #...


You could see Robin, a hobgoblin (frenzied) and a friendly adder.

Vanquished Creatures
  An ooze (D:2)
  A giant gecko (D:1)
  2 giant cockroaches (D:1)
  9 goblins
  4 hobgoblins (D:1)
  3 kobolds
  A ball python (D:1)
  3 bats
  A giant newt (D:2)
  A quokka (D:2)
  6 rats
32 creatures vanquished.

Vanquished Creatures (collateral kills)
  A goblin (D:2)
1 creature vanquished.

Grand Total: 33 creatures vanquished

Notes
Turn   | Place    | Note
--------------------------------------------------------------
     0 | D:1      | HungrySpirit the Draconian Transmuter began the quest for the Orb.
     0 | D:1      | Reached XP level 1. HP: 16/16 MP: 3/3
   145 | D:1      | Reached XP level 2. HP: 20/23 MP: 3/5
   786 | D:1      | Learned a level 2 spell: Sticks to Snakes
   810 | D:2      | Found a bloodstained altar of Trog.
   887 | D:2      | Reached XP level 3. HP: 28/28 MP: 4/6
  1139 | D:2      | Noticed Robin
  1163 | D:2      | Killed from afar by Robin

Action                   || total
-------------------------++-------
Melee: Unarmed           ||   113
 Cast: Beastly Appendage ||    13
       Sticks to Snakes  ||     1
 Stab: Sleeping          ||     2
